cohdb
Replays
Latest Replays
All Replays
Popular Replays
Top Player Replays
Match Explorer
How It Works
Community
CoH3 Stats
Reddit
Sign in to upload your games and track your stats! →
Sign in with Steam
Match 43695729
Unlisted
Match 43695729
Overview
Messages
Build Orders
End
Selects Airborne Battlegroup
Selects Heavy Machine Gun Paradrop
Heavy Machine Gun Paradrop
Construct Barracks
Riflemen Squad
Riflemen Squad
Grenade Package
Riflemen Squad
Construct Medical Station
Air Support Center
Grasshopper Recon Run
Heavy Machine Gun Paradrop
Construct Motor Pool
M1918 Browning Automatic Rifles
Grasshopper Recon Run
P-47 Strafing Run
Riflemen Squad
Selects Paratrooper Squad Paradrop
Construct Motor Pool
P-47 Dive Bomb
Paratrooper Squad Paradrop
Heavy Machine Gun Paradrop
King2tiger
Krieghound
AMSAY
Steel Striker
Gaylord Thistlebottom VII
SoccerDaddyo
Butcher
matrix4x4
0
0
Comments
sign in to comment!
No comments posted yet!